Map: Thunderbird LE

Players

LiquidMaNa (MaNa) - Winner!

  • Race: Protoss Protoss
  • League: Grandmaster
  • Spawn Location: 5:00

DPGPartinG (PartinG)

  • Race: Protoss Protoss
  • Spawn Location: 11:00

Event: HomeStory Cup XX

VOD

Have the link to the VOD?

Description

Time

  • Played on: Nov. 21, 2019, 12:10 p.m.
  • Length: 9:47

All games in this series

Show
View Real Time Build Order
Export as new Build Order

LiquidMaNa Protoss - Winner!

Build Orders:  

Get SALT Encoding   

  12  0:00  Probe  
  13  0:12  Probe  
  14  0:17  Pylon  
  14  0:23  Probe  
  15  0:32  Probe  
  15  0:37  Gateway  
  15  0:40  Probe  
  16  0:46  Assimilator  
  17  0:51  Probe  
  17  0:54  Assimilator  
  18  0:59  Probe  
  19  1:06  Gateway  
  19  1:07  Probe  
  20  1:17  Probe  
  20  1:24  Cybernetics Core  
  21  1:29  Probe  
  22  1:35  Pylon  
  22  1:41  Probe  
  23  1:53  Probe  
  24  2:00  Stalker x2  
  28  2:01  Warp Gate  
  28  2:05  Probe  
  29  2:11  Pylon  
  29  2:30  Stalker  
  29  2:35  Robotics Facility  
  30  2:43  Stalker  
  32  2:50  Pylon, Probe  
  35  3:12  Shield Battery, Immortal  
  37  3:30  Probe  
  38  3:40  Shield Battery  
  38  3:44  Immortal  
  38  3:50  Stalker  
  38  3:51  Stalker  
  44  3:56  Pylon  
  44  4:05  Shield Battery  
  44  4:14  Warp Prism, Sentry x2  
  50  4:25  Shield Battery  
  50  4:41  Adept x2  
  54  4:50  Probe  
  53  5:06  Nexus  
  53  5:11  Probe  
  53  5:12  Observer  
  55  5:25  Pylon  
  53  5:38  Probe  
  54  5:43  Immortal  
  58  5:52  Probe  
  59  6:03  Probe  
  60  6:07  Colossus  
  60  6:09  Stargate  
  60  6:11  Probe  
  60  6:18  Probe  
  62  6:19  Probe  
  62  6:23  Immortal  
  67  6:28  Probe x2  
  69  6:33  Assimilator  
  69  6:35  Assimilator  
  69  6:36  Probe x2  
  69  6:44  Probe x2  
  71  6:50  Pylon  
  73  6:55  Phoenix  
  73  6:56  Probe x2  
  76  7:07  Pylon  
  76  7:08  Probe x2  
  76  7:13  Immortal  
  82  7:20  Probe  
  84  7:31  Gateway  
  83  7:38  Zealot x2  
  83  7:42  Gateway  
  87  7:44  Robotics Bay  
  87  7:49  Probe  
  89  7:56  Immortal  
  89  7:57  Pylon  
  93  8:02  Probe  
  93  8:06  Pylon  
  93  8:07  Shield Battery  
  93  8:14  Shield Battery  
  93  8:15  Shield Battery  
  93  8:18  Zealot  
  95  8:26  Disruptor  
  95  8:27  Phoenix  
  95  8:28  Sentry  
  102  8:41  Zealot x2  
  102  8:46  Zealot  
  98  8:53  Shield Battery  
  90  8:57  Adept  
  80  9:29  Adept x4  
Show
View Real Time Build Order
Export as new Build Order

DPGPartinG Protoss 

Build Orders:  

Get SALT Encoding   

  12  0:00  Probe  
  13  0:12  Probe  
  14  0:17  Pylon  
  14  0:24  Probe  
  15  0:32  Probe  
  15  0:36  Gateway  
  15  0:40  Probe  
  16  0:46  Assimilator  
  17  0:51  Probe  
  17  0:54  Assimilator  
  18  0:59  Probe  
  19  1:06  Gateway  
  19  1:07  Probe  
  19  1:17  Probe  
  20  1:23  Cybernetics Core  
  21  1:29  Probe  
  22  1:33  Pylon  
  22  1:41  Probe  
  22  1:43  Warp Gate  
  23  1:51  Gateway  
  23  1:59  Stalker  
  25  2:04  Stalker  
  25  2:07  Probe  
  28  2:14  Pylon  
  28  2:24  Shield Battery  
  28  2:29  Stalker  
  30  2:34  Stalker  
  31  2:39  Stalker  
  33  2:58  Shield Battery  
  33  3:03  Pylon  
  33  3:19  Nexus  
  33  3:31  Stalker  
  33  3:32  Stalker  
  37  3:41  Stalker  
  39  3:53  Probe  
  40  3:56  Adept x2  
  44  4:04  Sentry  
  46  4:10  Robotics Facility  
  46  4:15  Probe  
  47  4:25  Shield Battery  
  47  4:30  Probe  
  48  4:32  Shield Battery  
  48  4:40  Sentry x2  
  52  4:46  Immortal  
  50  4:55  Sentry  
  56  5:04  Shield Battery  
  56  5:05  Shield Battery  
  54  5:09  Probe  
  54  5:10  Probe  
  56  5:15  Warp Prism  
  56  5:28  Sentry  
  56  5:39  Probe  
  56  5:40  Probe  
  52  5:51  Stalker x3  
  52  5:55  Pylon  
  57  6:02  Probe  
  55  6:04  Probe  
  55  6:10  Probe  
  57  6:13  Probe  
  57  6:16  Robotics Bay  
  59  6:20  Pylon  
  59  6:21  Probe  
  60  6:29  Probe  
  60  6:30  Probe  
  61  6:35  Assimilator, Observer  
  61  6:37  Probe  
  62  6:43  Probe  
  62  6:45  Probe  
  62  6:46  Gateway  
  65  6:49  Pylon x2  
  66  6:55  Probe x2  
  66  6:56  Colossus  
  68  7:07  Probe x2  
  76  7:17  Pylon  
  76  7:24  Gateway  
  76  7:26  Gateway  
  76  7:29  Probe  
  77  7:33  Pylon  
  77  7:34  Pylon  
  77  7:35  Observer, Gateway  
  77  7:39  Colossus  
  77  7:41  Gateway  
  77  7:48  Adept x3  
  77  7:50  Sentry  
  85  8:01  Pylon x2  
  85  8:10  Adept x3  
  91  8:19  Pylon  
  91  8:26  Stalker x2  
  95  8:29  Adept  
  95  8:47  Adept x4  
  87  8:52  Adept x3  
  73  9:07  Adept x4  
  73  9:13  Adept x2  
  73  9:14  Adept  
  64  9:43  Nexus  
Tags
 
Add a new tag
Caveats
  • Supply blocks, unpowered buildings, or Contaminate may cause inaccurate times.
  • Supply counts are checked every 10 seconds.